 Dungeon Crawl Stone Soup version 0.31-a0-263-ge8cad7f256 (webtiles) character file.

Game seed: 2121255790876144347

130 qw the Shooter (level 4, 0/36 HPs)
             Began as a Minotaur Hexslinger on July 13, 2023.
             Slain by an orc priest
             ... wielding a +1 morningstar of freezing
              (3 damage)
             ... on level 3 of the Dungeon.
             The game lasted 00:00:54 (1873 turns).

qw the Shooter (Minotaur Hexslinger)                Turns: 1873, Time: 00:00:54

Health: 0/36       AC:  7    Str: 13    XL:     4   Next: 89%
Magic:  4/4        EV: 11    Int: 10    God:
Gold:   164        SH:  0    Dex: 14    Spells: 4/5 levels left

rFire   . . .        Y - +1 sling
rCold   . . .        (no shield)
rNeg    . . .        l - +0 ring mail
rPois   .            (helmet restricted)
rElec   .            i - +0 cloak
rCorr   .            m - +0 pair of gloves
SInv    +            (no boots)
Will    .....        c - amulet of Mulloes {Acrobat SInv}
Stlth   +            (no ring)
HPRegen 0.26/turn    (no ring)
MPRegen 0.09/turn

%: acrobat
@: no status effects
A: horns 2, retaliatory headbutt
a: no special abilities


You were on level 3 of the Dungeon.
You visited 1 branch of the dungeon, and saw 3 of its levels.

You collected 164 gold pieces.


Innate Abilities, Weirdness & Mutations

You have a pair of horns on your head.
You reflexively headbutt those who attack you in melee.


   Skills:
 + Level 2.1 Fighting
 - Level 5.2 Ranged Weapons
 - Level 1.0 Armour
 - Level 2.1 Dodging
 - Level 1.0 Spellcasting
 - Level 2.0 Hexes


You had 4 spell levels left.
You knew the following spells:

 Your Spells              Type           Power      Damage    Failure   Level
a - Slow                  Hex            16%        N/A       32%         1

Your spell library contained the following spells:

 Spells                   Type           Power      Damage    Failure   Level
 Inner Flame              Hex/Fire       2%         N/A       82%         3
 Portal Projectile        Hex/Tloc       4%         N/A       82%         3
 Cause Fear               Hex            2%         N/A       97%         4

Inventory:

Hand Weapons
 Y - a +1 sling (weapon)
Armour
 i - a +0 cloak (worn)
 l - a +0 ring mail (worn)
 m - a +0 pair of gloves (worn)
Jewellery
 c - the amulet of Mulloes (around neck) {Acrobat SInv}
   (You acquired it on level 1 of the Dungeon)

   [amulet of the acrobat]

   It increases your evasion while moving and waiting.
   SInv:      It lets you see invisible.
 o - a ring of protection from fire
Scrolls
 a - 3 scrolls of teleportation
 g - a scroll of fog {unknown}
 j - 2 scrolls of identify
 p - a scroll of blinking {unknown}
Potions
 b - a potion of heal wounds {unknown}
 d - a potion of resistance {unknown}
 e - a potion of mutation {unknown}
 f - a potion of enlightenment
 h - a potion of berserk rage {unknown}
 k - 2 potions of ambrosia {unknown}
 n - a potion of brilliance {unknown}

Dungeon Overview and Level Annotations

Branches:
Dungeon (3/15)

Altars:
Gozag
Nemelex Xobeh


Message History

The orc wizard casts a spell.
The orc wizard flickers and vanishes for a moment.
You shoot a sling bullet.
The sling bullet barely misses the orc priest.
You shoot a sling bullet. The sling bullet hits the orc.
The orc is heavily wounded.
The orc hits you with a +0 mace.
You shoot a sling bullet.
The sling bullet completely misses the orc.
The sling bullet closely misses the orc priest.
The orc closely misses you. The orc hits you with a +0 dagger.
The orc wizard closely misses you.
You shoot a sling bullet. The sling bullet hits the orc.
You kill the orc!
The orc wizard closely misses you. You furiously retaliate!
You headbutt the orc wizard. The orc barely misses you.
The orc priest barely misses you.
The orc wizard hits you but does no damage.
The orc hits you but does no damage.
You shoot a sling bullet.
The sling bullet barely misses the orc wizard.
The orc wizard hits you but does no damage.
The orc hits you with a +0 dagger.
The orc priest looks braver for a moment.
You shoot a sling bullet.
The sling bullet barely misses the orc wizard.
The orc wizard hits you with a +0 dagger.
The orc misses you. The orc priest misses you.
You shoot a sling bullet.
The sling bullet closely misses the orc wizard.
The orc wizard hits you with a +0 dagger.
The orc hits you but does no damage.
The orc priest hits you with a +1 morningstar of freezing!
The orc priest freezes you.
You shoot a sling bullet. The sling bullet misses the orc wizard.
The orc wizard hits you with a +0 dagger.
The orc priest barely misses you. The orc hits you but does no damage.
The orc priest hits you with a +1 morningstar of freezing!
The orc priest freezes you.
You die...

..........
...............# #....
....#####
#########.)####.# #....
###.# #. #.....#.# #....
.# #.#####.#...#.# #....
.#
+###.....).....#.###....
.
...........###..........
#
...........+...#.....%..
......oo...#####......##
......o@...# #........
......###### ##.###.##
###### #..##.# ##....#
###..# ##.## #...
#####.#. #.....#.


You could see an orc priest, an orc wizard (invisible) and an orc.

Vanquished Creatures
  An orc wizard (D:3)
  3 adders
  3 worms
  A dart slug (D:1)
  6 orcs (D:3)
  6 endoplasms
  3 giant cockroaches (D:1)
  9 goblins
  2 hobgoblins
  5 jackals (D:3)
  5 ball pythons
  3 bats
  A frilled lizard (D:3)
  6 kobolds
  5 rats
59 creatures vanquished.

Notes
Turn   | Place    | Note
-------+----------+-------------------------------------------
     0 | D:1      | qw the Minotaur Hexslinger began the quest for the Orb.
     0 | D:1      | Reached XP level 1. HP: 16/16 MP: 1/1
     0 | D:1      | 0 ||| qw: Version: 0.3-a-52-g30416fa
     0 | D:1      | 0 ||| qw: Game counter: 7421
     0 | D:1      | 0 ||| qw: Melee chars always use a shield: true
     0 | D:1      | 0 ||| qw: God list: Okawaru
     0 | D:1      | 0 ||| qw: Allow faded altars: false
     0 | D:1      | 0 ||| qw: Do Orc after clearing Dungeon:15 true
     0 | D:1      | 0 ||| qw: Do second Lair branch before Depths: true
     0 | D:1      | 0 ||| qw: Lair rune preference: random
     0 | D:1      | 0 ||| qw: Goals: Normal
     0 | D:1      | 0 ||| PLANNING D:1-11
    93 | D:1      | Reached skill level 3 in Ranged Weapons
   151 | D:1      | Reached XP level 2. HP: 23/23 MP: 2/2
   285 | D:1      | Found a faded altar of an unknown god.
   543 | D:1      | 543 ||| UPGRADING to +0 cloak.
   548 | D:1      | 548 ||| UPGRADING to +0 ring mail.
   558 | D:1      | 558 ||| DROPPING +0 robe.
   559 | D:1      | 559 ||| UPGRADING to +0 pair of gloves.
   564 | D:1      | 564 ||| READING 2 scrolls labelled TUYLESH WA NOA.
   568 | D:1      | 568 ||| READING scroll labelled VAEZYJ QYUL.
   569 | D:1      | 569 ||| READING scroll labelled SAAMADGHOWA.
   569 | D:1      | Identified a scroll of acquirement
   569 | D:1      | 569 ||| ACQUIRING amulet of Mulloes {Acrobat SInv}
   569 | D:1      | Acquired the amulet of Mulloes {Acrobat SInv}
   571 | D:1      | 571 ||| UPGRADING to amulet of Mulloes {Acrobat SInv}.
   576 | D:1      | 576 ||| READING scroll labelled CAIM CEGEABOCZY.
   577 | D:1      | 577 ||| DROPPING scroll of poison.
   611 | D:2      | Reached skill level 1 in Armour
   616 | D:2      | Reached XP level 3. HP: 29/29 MP: 3/3
  1051 | D:2      | 1051 ||| READING scroll labelled IMOYFI NERGHO.
  1103 | D:2      | 1103 ||| DRINKING 2 white potions.
  1131 | D:3      | 1131 ||| FLEEEEING.
  1132 | D:3      | 1132 ||| STAIRDANCE
  1163 | D:3      | 1163 ||| STAIRDANCE
  1204 | D:3      | Reached skill level 4 in Ranged Weapons
  1370 | D:3      | Found a sparkling altar of Nemelex Xobeh.
  1370 | D:3      | Found an opulent altar of Gozag.
  1377 | D:3      | Reached XP level 4. HP: 28/36 MP: 4/4
  1854 | D:3      | Reached skill level 5 in Ranged Weapons
  1873 | D:3      | HP: 3/36 [orc priest/+1 morningstar of freezing (9)]
  1873 | D:3      | Slain by an orc priest

Levels and vault maps discovered:
D:1:      spicycebolla_arrival_xxxplode, layout_basic,
          shapermc_ecumenical_altar_mp_ritualfount
D:2:      layout_rooms
D:3:      layout_basic, grunt_temple_overflow_opulence

Skill      XL: |  1  2  3  4 |
---------------+-------------+-----
Ranged Weapons | 3 4 5 |  5.2
Fighting       | 2 |  2.1
Armour         | 1 |  1.0
Dodging        | |  2.1
Spellcasting   | |  1.0
Hexes          | |  2.0

Action                     |  1- 3 |  4- 6 || total
---------------------------+-------+-------++-------
   Fire: Sling             |   136 |    77 ||   213
    Use: Scroll            |     5 |       ||     5
         Potion            |     1 |       ||     1
 Armour: Ring mail         |    21 |    31 ||    52
         Robe              |     1 |       ||     1
  Dodge: Dodged            |    41 |    37 ||    78

Table legend:
 A = Non-vault XP
 B = Vault XP
 C = Vault XP percentage of total XP
 D = Non-vault monster count
 E = Vault monster count
 F = Vault count percentage of total count
                 A         B        C        D         E       F
            +---------+---------+-------+---------+---------+-------
      Total |     186 |       0 |   0.0 |      59 |       0 |   0.0
            +---------+---------+-------+---------+---------+-------
        D:1 |      23 |       0 |   0.0 |      12 |       0 |   0.0
        D:2 |      43 |       0 |   0.0 |      17 |       0 |   0.0
        D:3 |     120 |       0 |   0.0 |      30 |       0 |   0.0
            +---------+---------+-------+---------+---------+-------
